 Dungeon Crawl Stone Soup version 0.28.0-1-gb440e238dd (console) character file.

Game seed: 1451817741474070230

29740 Kloppie the Bludgeoner (level 13, -1/123 HPs)
             Began as a Minotaur Gladiator on Feb 20, 2022.
             Was the Champion of Okawaru.
             Slain by a death yak (26 damage)
             ... on level 5 of the Lair of Beasts on Feb 22, 2022.
             The game lasted 00:32:09 (18180 turns).

Kloppie the Bludgeoner (Minotaur Gladiator)        Turns: 18180, Time: 00:32:10

Health: -1/123     AC: 19    Str: 24    XL:     13   Next: 16%
Magic:  12/12      EV: 12    Int:  8    God:    Okawaru [******]
Gold:   727        SH:  0    Dex: 18    Spells: 12/12 levels left

rFire   + . .      SeeInvis .   a - +5 morningstar
rCold   + + .      Faith    .   H - orb {mayhem}
rNeg    . . .      Spirit   .   B - +7 ring mail of Ciadazilimi {Fly rC+ rCorr Int+3}
rPois   .          Reflect  .   c - +1 hat
rElec   .          Harm     .   K - scarf {rC+ rF+}
rCorr   +          Rampage  .   f - +0 pair of gloves
Will    .....                   i - +0 pair of boots
Stlth   +.........              (no amulet)
HPRegen 0.30/turn               g - +6 ring of strength
MPRegen 0.13/turn               j - ring of resist corrosion

@: flying
A: horns 2, retaliatory headbutt
a: Renounce Religion, Heroism, Finesse, Duel


You were on level 5 of the Lair of Beasts.
You worshipped Okawaru.
Okawaru was exalted by your worship.
You visited 2 branches of the dungeon, and saw 14 of its levels.

You collected 817 gold pieces.
You spent 90 gold pieces at shops.

Inventory:

Hand Weapons
 a - a +5 morningstar (weapon)
 R - a +2 great mace of holy wrath
Missiles
 b - a curare-tipped dart
 d - 2 throwing nets (quivered)
 n - 10 atropa-tipped darts
Armour
 c - a +1 hat (worn)
 f - a +0 pair of gloves (worn)
 i - a +0 pair of boots (worn)
 y - a +0 kite shield
 z - a +0 buckler
 B - the +7 ring mail of Ciadazilimi (worn) {Fly rC+ rCorr Int+3}
   (You found it on level 7 of the Dungeon)

   Int:       It affects your intelligence (+3).
   rC:        It protects you from cold.
   Fly:       It grants you flight.
   rCorr:     It protects you from acid and corrosion.
 H - an orb of mayhem (worn)
 I - a +0 crystal plate armour
 K - a scarf of resistance (worn)
Jewellery
 e - a ring of fire
 g - a +6 ring of strength (left hand)
 j - a ring of resist corrosion (right hand)
 v - a ring of wizardry
 w - an amulet of the acrobat
 D - a ring of willpower
 J - a ring of see invisible
 Q - a ring of flight
 S - an amulet of faith
Wands
 o - a wand of digging (6)
 p - a wand of polymorph (4)
 r - a wand of acid (6)
 A - a wand of flame (26)
 P - a wand of iceblast (2)
Scrolls
 h - 2 scrolls of magic mapping
 s - a scroll of vulnerability
 u - 4 scrolls of teleportation
 x - 2 scrolls of fear
 C - 2 scrolls of amnesia
 E - a scroll of silence
 F - a scroll of summoning {unknown}
 L - 2 scrolls of fog {unknown}
 M - 2 scrolls of blinking
 U - a scroll of immolation {unknown}
 V - a scroll of torment {unknown}
Potions
 k - a potion of resistance
 l - a potion of curing
 m - a potion of haste
 q - 2 potions of ambrosia
 t - 3 potions of brilliance
 G - a potion of flight
 O - a potion of attraction
 T - a potion of cancellation
Miscellaneous
 N - a tin of tremorstones (2/2)


   Skills:
 + Level 13.9 Fighting
 - Level 16.0 Maces & Flails
 - Level 2.0 Throwing
 + Level 14.5 Armour
 - Level 3.2 Dodging
 - Level 9.0 Shields


You had 12 spell levels left.
You didn't know any spells.
Your spell library contained the following spells:

 Spells                   Type           Power      Damage    Failure   Level
 Blink                    Tloc           0%         N/A       65%         2
 Lesser Beckoning         Tloc           0%         N/A       87%         3
 Portal Projectile        Hex/Tloc       0%         N/A       87%         3
 Passage of Golubria      Tloc           0%         N/A       99%         4
 Blade Hands              Tmut           0%         N/A       100%        5
 Borgnjor's Vile Clutch   Necr/Erth      0%         N/A       100%        5
 Excruciating Wounds      Necr           0%         N/A       100%        5
 Manifold Assault         Tloc           0%         N/A       100%        5
 Yara's Violent Unravell  Hex/Tmut       0%         3d3       100%        5
 Tukima's Dance           Hex            Unusable   N/A       N/A         3
 Animate Dead             Necr           Unusable   N/A       N/A         4
 Death Channel            Necr           Unusable   N/A       N/A         6

Dungeon Overview and Level Annotations

Branches:
Dungeon (8/15)             Temple (0/1) D:6            Lair (6/6) D:8
 Shoals (0/4) Lair:4        Snake (0/4) Lair:4        Slime (0/5) Lair:5

Altars:
Cheibriados
Gozag
Kikubaaqudgha
Okawaru
Qazlal
Ru
Zin

Shops:
D:3 =   D:6 (   D:8 ?

Annotations:
D:6 2 runed translucent doors, grizmgrazm2's ghost, novice DsDe
Lair:5 exclusion: 3 oklob plants


Innate Abilities, Weirdness & Mutations

You have a pair of horns on your head.
You reflexively headbutt those who attack you in melee.


Message History

The death yak gores you!
You puncture the death yak! You headbutt the death yak!
The death yak is severely wounded.
The death yak gores you but does no damage.
You impale the death yak!! Your headbutt misses the death yak.
The death yak is almost dead.
The death yak gores you! The death yak gores you.
You sock the death yak!
You kill the death yak!
Okawaru accepts your kill.
The death yak flies into a frenzy!
The death yak closely misses you.
You hit the death yak.
The death yak is lightly wounded.
The death yak completely misses you.
You sock the death yak!
The death yak is moderately wounded.
The death yak gores you but does no damage.
You sock the death yak!
The death yak is moderately wounded.
The death yak gores you but does no damage.
You puncture the death yak! Your headbutt misses the death yak.
The death yak is heavily wounded.
The death yak closely misses you.
You hit the death yak but do no damage.
The death yak is heavily wounded.
The death yak gores you!
* * * LOW HITPOINT WARNING * * *
You hit the death yak but do no damage.
The death yak is heavily wounded.
The death yak closely misses you.
You bludgeon the death yak!! You headbutt the death yak.
The death yak is almost dead.
The death yak gores you!
* * * LOW HITPOINT WARNING * * *
The death yak closely misses you.
The death yak bellows!
The death yak gores you!!
* * * LOW HITPOINT WARNING * * *
You feel better. The death yak gores you!!
You die...

....................#......#....#
..#......[................###..##
.................##.P...###.....#
...............###..#....#.......
....##........#.####.............
.##..#...PP##..## ###.......P..^.
.#.........##...###.#.....#.#....
..........##....##........#......
..........P.#...P.P........<.....
........#...#....P......#........
..##...##P.>....@........#.......
..##...##PP......Y..##...#.......
...##..####.........##P..........
.#.......P....P....>...P.........
.#..........P.......รท............
...........##..#.<..###..........
..........P#....#.....#..........
......##..P###............#...##.
......P##..####..............##.#
............#................##..
.......##..P##.........P#.#.###..


You could see a neutral death yak (fast, strong, insane).

Vanquished Creatures
  3 hydras
  A two-headed ogre (D:8)
  8 death yaks
  Nergalle (Lair:4)
  A lindwurm (Lair:4)
  A manticore (Lair:4)
  4 black mambas
  9 cane toads
  11 komodo dragons
  A rime drake (Lair:4)
  A troll (D:8)
  2 polar bears
  A wind drake (Lair:4)
  6 blink frogs
  A dream sheep (Lair:5)
  28 yaks
  3 wyverns
  4 basilisks
  A wraith (D:7)
  Menkaure (D:5)
  2 nagas (Lair:4)
  10 water moccasins
  Duvessa (D:7)
  2 sky beasts
  3 ice beasts
  3 black bears
  A necrophage (D:7)
  2 ogres (D:6)
  12 wolves
  2 centaurs
  A phantom (D:4)
  3 kobold brigands (D:7)
  11 bullfrogs
  A gnoll sergeant (D:6)
  4 scorpions
  A water moccasin skeleton (D:4)
  Dowan (D:7)
  15 killer bees
  9 wights
  A howler monkey (D:4)
  6 electric eels
  9 hounds
  A bullfrog skeleton (D:6)
  3 orc priests
  3 gnoll shamans
  A jelly (D:4)
  Ijyb (D:1)
  2 iguanas
  2 orc wizards (D:8)
  6 hell rats (Lair:4)
  16 gnolls
  3 howler monkey skeletons
  10 adders
  3 shadow imps
  An ufetubus (D:7)
  A worm (D:8)
  3 dart slugs
  20 orcs
  9 ball pythons
  5 bats
  7 endoplasms
  4 giant cockroaches
  10 goblins
  2 hobgoblins
  2 quokkas
  5 frilled lizards
  20 kobolds
  5 rats
333 creatures vanquished.

Vanquished Creatures (others)
  24 fungi
  33 plants
57 creatures vanquished.

Grand Total: 390 creatures vanquished

Notes
Turn   | Place    | Note
-------+----------+-------------------------------------------
     0 | D:1      | Kloppie the Minotaur Gladiator began the quest for the Orb.
     0 | D:1      | Reached XP level 1. HP: 18/18 MP: 0/0
   160 | D:1      | Reached skill level 4 in Maces & Flails
   240 | D:1      | Reached XP level 2. HP: 21/25 MP: 1/1
   810 | D:1      | Reached XP level 3. HP: 30/31 MP: 2/2
   894 | D:1      | You fall into a shaft and drop 1 floor!
  1198 | D:2      | Reached skill level 5 in Maces & Flails
  1198 | D:2      | Reached XP level 4. HP: 27/40 MP: 3/3
  2428 | D:3      | Found Fatuupta's One-of-a-Kind Rings.
  2562 | D:3      | Found an opulent altar of Gozag.
  2632 | D:3      | Noticed Ijyb
  2714 | D:2      | HP: 1/41 [orc priest/divine providence (10)]
  3034 | D:1      | Killed Ijyb
  3035 | D:1      | Reached XP level 5. HP: 39/47 MP: 4/4
  3053 | D:2      | Reached skill level 5 in Fighting
  3069 | D:3      | Noticed a black bear
  3075 | D:3      | Killed a black bear
  3076 | D:3      | Reached skill level 6 in Maces & Flails
  3179 | D:3      | Reached XP level 6. HP: 56/56 MP: 5/5
  3387 | D:4      | Reached skill level 7 in Maces & Flails
  3502 | D:4      | Reached XP level 7. HP: 57/64 MP: 6/6
  3988 | D:5      | Entered Level 5 of the Dungeon
  4013 | D:5      | Reached skill level 8 in Maces & Flails
  4223 | D:5      | Noticed Menkaure
  4226 | D:5      | Found a stormy altar of Qazlal.
  4233 | D:5      | Killed Menkaure
  4234 | D:5      | Reached XP level 8. HP: 55/74 MP: 7/7
  4234 | D:5      | Found an iron altar of Okawaru.
  4237 | D:5      | Found a glowing silver altar of Zin.
  4257 | D:5      | Became a worshipper of Warmaster Okawaru
  4474 | D:5      | Reached skill level 9 in Maces & Flails
  5386 | D:6      | Reached * piety under Okawaru
  5387 | D:6      | Reached skill level 10 in Maces & Flails
  5871 | D:6      | Reached skill level 10 in Fighting
  6008 | D:6      | Reached XP level 9. HP: 61/85 MP: 8/8
  6597 | D:6      | Reached skill level 11 in Maces & Flails
  6680 | D:6      | Found a runed translucent door.
  6685 | D:6      | Noticed grizmgrazm2's ghost (novice DsDe)
  6703 | D:6      | Found Ysothren's Antique Weapon Shoppe.
  6706 | D:6      | Found a runed translucent door.
  6714 | D:6      | Found a staircase to the Ecumenical Temple.
  6746 | D:6      | Found an ancient bone altar of Kikubaaqudgha.
  6797 | D:6      | Found a sacrificial altar of Ru.
  6924 | D:7      | Reached skill level 1 in Armour
  6929 | D:7      | Reached ** piety under Okawaru
  6940 | D:7      | Identified the +7 ring mail of Ciadazilimi {Fly rC+ rCorr
                  | Int+3}
  7648 | D:7      | Reached skill level 12 in Maces & Flails
  7834 | D:7      | Reached skill level 5 in Armour
  8157 | D:7      | Noticed Dowan
  8157 | D:7      | Noticed Duvessa
  8169 | D:7      | Killed Duvessa
  8172 | D:7      | Killed Dowan
  8402 | D:8      | Reached XP level 10. HP: 89/94 MP: 9/9
  8403 | D:8      | Reached *** piety under Okawaru
  8473 | D:8      | Noticed a two-headed ogre
  8481 | D:8      | Killed a two-headed ogre
  8482 | D:8      | Reached skill level 13 in Maces & Flails
  8738 | D:8      | Reached **** piety under Okawaru
  8765 | D:8      | Found a staircase to the Lair.
  8985 | D:8      | Found Abyukueqa's Magic Scroll Boutique.
  8993 | D:8      | Bought a scroll of teleportation for 45 gold pieces
  8993 | D:8      | Bought a scroll of teleportation for 45 gold pieces
  9201 | D:8      | Found a snail-covered altar of Cheibriados.
  9556 | Lair:1   | Entered Level 1 of the Lair of Beasts
  9681 | Lair:1   | Reached ***** piety under Okawaru
  9682 | Lair:1   | Reached skill level 14 in Maces & Flails
 10008 | Lair:1   | Noticed a black mamba
 10016 | Lair:1   | Killed a black mamba
 10266 | Lair:1   | Noticed a black mamba
 10267 | Lair:1   | Noticed a seven-headed hydra
 10273 | Lair:1   | Killed a black mamba
 10278 | Lair:1   | Killed a seven-headed hydra
 10279 | Lair:1   | Reached skill level 10 in Armour
 10279 | Lair:1   | Reached XP level 11. HP: 18/101 MP: 7/10
 10795 | Lair:1   | Reached skill level 15 in Maces & Flails
 10991 | Lair:1   | Received a gift from Okawaru
 11782 | Lair:2   | Reached skill level 1 in Shields
 12122 | Lair:2   | Reached skill level 16 in Maces & Flails
 12422 | Lair:2   | Reached skill level 5 in Shields
 12425 | Lair:2   | You are sucked into a shaft and drop 2 floors!
 12488 | Lair:4   | Found a staircase to the Shoals.
 12732 | Lair:3   | Reached XP level 12. HP: 98/108 MP: 11/11
 12854 | Lair:3   | Reached ****** piety under Okawaru
 14697 | Lair:4   | Received a gift from Okawaru
 14701 | Lair:4   | Noticed an eight-headed hydra
 14706 | Lair:4   | Killed an eight-headed hydra
 14779 | Lair:4   | Noticed a five-headed hydra
 14786 | Lair:4   | Killed a five-headed hydra
 15184 | Lair:4   | Noticed a death yak
 15184 | Lair:4   | Noticed a death yak
 15198 | Lair:4   | Killed a death yak
 15208 | Lair:4   | Killed a death yak
 15228 | Lair:4   | Noticed a death yak
 15354 | Lair:4   | Noticed Nergalle
 15564 | Lair:4   | Killed Nergalle
 15602 | Lair:4   | Found a staircase to the Snake Pit.
 15945 | Lair:4   | Noticed a death yak
 15946 | Lair:4   | Noticed a death yak
 15946 | Lair:4   | Noticed a death yak
 15963 | Lair:4   | Killed a death yak
 15963 | Lair:4   | Received a gift from Okawaru
 15963 | Lair:4   | Found the +7 mace of Variability {chain chaos}
 15969 | Lair:4   | Killed a death yak
 15982 | Lair:4   | Killed a death yak
 15985 | Lair:4   | Killed a death yak
 16541 | Lair:5   | Found a staircase to the Slime Pits.
 16745 | Lair:5   | Reached XP level 13. HP: 96/122 MP: 12/12
 17310 | Lair:5   | Identified the +1 robe "Seoquixa" {rPois rF- Str-5 Int+8}
                  | (Okawaru gifted it to you on level 5 of the Lair of Beasts)
 17310 | Lair:5   | Received a gift from Okawaru
 17854 | Lair:6   | Entered Level 6 of the Lair of Beasts
 18180 | Lair:5   | Slain by a death yak

Illustrated notes

Levels and vault maps discovered:
D:1:      scummos_arrival_star, layout_loops_ring, minmay_pentomino_v4
D:2:      minmay_evil_eye, layout_loops_corners, chequers_big_river,
          dk_noncrumbling_3, hangedman_decor_growths
D:3:      layout_rooms, nicolae_gozag_seed_capital, nicolae_shop_unique_rings,
          uniq_ijyb
D:4:      layout_rooms
D:5:      layout_rooms, grunt_temple_overflow_open, uniq_menkaure
D:6:      layout_rooms, nicolae_ru_path_of_blood, kennysheep_mini,
          minmay_temple_entry_mist, serial_shops, shop, ebering_ghost_sewer_f
D:7:      layout_basic, hex_large, solitary_fountain,
          minmay_misc_feat_more_columns, uniq_duvessa
D:8:      layout_basic, slow_altar_2, erik_lair_island, serial_shops,
          nicolae_lakefront_shop
Lair:1:   layout_hall_layers, beast_lair_carwin_9, infiniplex_staircase_pool_2,
          grunt_megastairs_1, lemuel_fruit_tree
Lair:2:   layout_chaotic_city, serial_bayou_ford_a, lemuel_old_faithful
Lair:3:   layout_gridlike
Lair:4:   layout_small_grid, minmay_shoals_entry_beasts,
          guppyfry_snake_entry_garden, serial_rivers,
          chequers_serial_rivers_room_a, chequers_serial_rivers_small_b,
          chequers_serial_rivers_small_3, chequers_serial_rivers_micro_e,
          chequers_serial_rivers_micro_c, chequers_serial_rivers_large_a,
          minivault_25, beast_lair_carwin_3, uniq_nergalle
Lair:5:   layout_layer_cave, minmay_slime_entry_oklob_open, beast_lair_carwin_11
Lair:6:   hellmonk_lair_end_abyssal_woods, layout_regular_city, st_stairs_5,
          lemuel_fruit_fields, grunt_megastairs_5

Skill      XL: |  1  2  3  4  5  6  7  8  9 10 11 12 |
---------------+-------------------------------------+-----
Maces & Flails | 4 5 6 7 8 10 12 14 16 | 16.0
Fighting       | 3 4 5 6 8 10 13 | 13.9
Armour         | 6 10 11 14 | 14.5
Shields        | 7 9 |  9.0
Throwing       | |  2.0
Dodging        | |  3.2

Action                   |  1- 3 |  4- 6 |  7- 9 | 10-12 | 13-15 || total
-------------------------+-------+-------+-------+-------+-------++-------
Melee: Flail             |    64 |    68 |   169 |       |       ||   301
       Headbutt          |    10 |    11 |    55 |   105 |    10 ||   191
       Unarmed           |       |    10 |       |       |       ||    10
       Punch             |       |     2 |     2 |       |       ||     4
       Morningstar       |       |       |   134 |   488 |    66 ||   688
Throw: Throwing net      |       |     1 |     5 |       |       ||     6
Invok: Heroism           |       |       |     2 |     3 |       ||     5
  Use: Potion            |       |       |     1 |     1 |     2 ||     4
       Scroll            |       |       |     3 |    14 |     1 ||    18
 Stab: Sleeping          |     1 |       |       |       |       ||     1
       Held in net/web   |       |     1 |       |       |       ||     1
Armor: Leather armour    |    19 |     7 |       |       |       ||    26
       Ring mail         |       |     4 |    48 |   156 |    26 ||   234
       Chain mail        |       |    11 |    90 |       |       ||   101
Dodge: Dodged            |    34 |    44 |   141 |   204 |    42 ||   465
Block: Buckler           |       |       |       |    54 |       ||    54
